 Dungeon Crawl Stone Soup version 0.16-a0-324-g99bef82 (webtiles) character file.

205 Qrupt the Slasher (level 5, -5/34 HPs)
             Began as a High Elf Skald on Sept 3, 2014.
             Killed from afar by an orc wizard (7 damage)
             ... with a magic dart
             ... on Level 4 of the Dungeon.
             The game lasted 00:11:44 (3457 turns).

Qrupt the Slasher (High Elf Skald)                  Turns: 3457, Time: 00:11:47

HP  -5/34        AC  5     Str 11      XL: 5   Next: 53%
MP   4/12        EV 14     Int 21      God:
Gold 117         SH  0     Dex 15      Spells:  2 memorised,  5 levels left

rFire  + . .     SeeInvis .     a - +0 falchion
rCold  . . .     Clarity  .     o - +2 robe {rF+}
rNeg   . . .     rCorr    .     (no shield)
rPois  .         rRot     .     (no helmet)
rElec  .         Spirit   .     e - +0 cloak {MR+}
SustAb .         Warding  .     (no gloves)
rMut   .         Stasis   .     (no boots)
Gourm  .                        (no amulet)
MR     +....                    (no ring)
                                (no ring)

@: brilliant, lethally poisoned, infused (expiring), somewhat resistant to
hostile enchantments, very unstealthy
A: no striking features
a: no special abilities


You were on level 4 of the Dungeon.
You were not hungry.

You visited 1 branch of the dungeon, and saw 4 of its levels.

You collected 117 gold pieces.

Inventory:

Hand weapons
 a - a +0 falchion (weapon)
Armour
 b - a +0 leather armour
 e - a +0 cloak of magic resistance (worn)
 o - a +2 robe of fire resistance (worn)
 s - a +0 helmet
Magical devices
 n - a wand of hasting (2)
 t - a wand of confusion (13) {unknown}
Comestibles
 q - 2 rotting chunks of jackal flesh
Scrolls
 g - 2 scrolls of identify
 h - 3 scrolls of magic mapping
 i - a scroll of fog {unknown}
 j - 3 scrolls of teleportation
 k - a scroll of fear {unknown}
 l - 2 scrolls of remove curse
Jewellery
 f - an uncursed ring of teleportation
Potions
 d - a potion of brilliance
 p - 2 potions of cure mutation {unknown}
 u - 2 potions of might {unknown}
Books
 c - a book of Battle

   Spells                             Type                      Level
   *Infusion                          Charms                       1
   *Shroud of Golubria                Charms/Translocation         2
   Song of Slaying                    Charms                       2
   Spectral Weapon                    Hexes/Charms                 3
   Regeneration                       Charms/Necromancy            3


   Skills:
 - Level 2.0 Fighting
 + Level 4.7 Long Blades
 - Level 0.8 Armour
 - Level 4.0 Dodging
 - Level 2.4 Spellcasting
 - Level 3.6 Charms
 - Level 2.2 Translocations


You had 5 spell levels left.
You knew the following spells:

 Your Spells              Type           Power        Failure   Level  Hunger
a - Infusion              Chrm           ####..       1%          1    None
b - Shroud of Golubria    Chrm/Tloc      ####......   1%          2    ##.....


Dungeon Overview and Level Annotations

Branches:
Dungeon (4/15)
 Temple: D:4-7

Altars:
Yredelemnul

Annotations:
D:3 Grinder


Message History

You barely miss something.
You feel sick.
Your shroud bends its attack away.
The orc barely misses you.
You closely miss something.
You feel sick. Something hits you.
Your shroud falls apart!
You are lethally poisoned!
The orc misses you.
You hit something.
You feel sick. Something hits you.
* * * LOW HITPOINT WARNING * * *
You are more poisoned.
The orc hits you with a short sword.
* * * LOW HITPOINT WARNING * * *
Drink which item? (? for menu, Esc to quit)
You feel clever all of a sudden.
It was a potion of brilliance.
Your magical infusion is running out.
* * * LOW HITPOINT WARNING * * *
You feel very sick.
You hear some strange, mumbled words.
The magic dart hits you!
You die...

###.# #.#.#
..#.#########
#.#.........#
#.#.........#
#.#.........#####
#.#..............
#.#...............
#.@o.....<........
####..............
######.......o
#....#### #.####
... #.. #..# ....


You could see an orc.

Vanquished Creatures
  An orc wizard (D:3)
  Jessica (D:3)
  5 adders
  3 giant mites (D:3)
  2 worms
  2 oozes
  5 orcs
  A ball python (D:2)
  6 bats
  7 giant cockroaches
  5 goblins
  4 hobgoblins
  9 jackals
  2 quokkas
  A giant gecko (D:1)
  5 giant newts
  10 kobolds
  7 rats
76 creatures vanquished.

Vanquished Creatures (others)
  An orc wizard (D:3)
1 creature vanquished.

Grand Total: 77 creatures vanquished

Notes
Turn   | Place    | Note
--------------------------------------------------------------
     0 | D:1      | Qrupt, the High Elf Skald, began the quest for the Orb.
     0 | D:1      | Reached XP level 1. HP: 14/14 MP: 4/4
   380 | D:1      | Reached XP level 2. HP: 16/19 MP: 6/6
  1081 | D:1      | Reached skill level 4 in Long Blades
  1137 | D:1      | Learned a level 2 spell: Shroud of Golubria
  1349 | D:2      | Reached skill level 1 in Translocations
  1349 | D:2      | Reached XP level 3. HP: 15/24 MP: 2/8
  1560 | D:2      | Found a basalt altar of Yredelemnul.
  2079 | D:2      | Reached XP level 4. HP: 27/29 MP: 0/11
  2487 | D:3      | Noticed Jessica
  2509 | D:3      | Killed Jessica
  2582 | D:3      | Reached XP level 5. HP: 16/34 MP: 0/12
  3422 | D:3      | Noticed Grinder
  3457 | D:4      | Killed from afar by an orc wizard

Action                   |  1- 3 |  4- 6 || total
-------------------------+-------+-------++-------
Melee: Falchion          |   143 |   152 ||   295
 Cast: Infusion          |    16 |    11 ||    27
       Shroud of Golubri |     4 |     7 ||    11
  Use: Scroll            |     2 |     1 ||     3
       Potion            |     1 |     1 ||     2
  Eat: Bread ration      |     1 |       ||     1
       Chunk             |       |     5 ||     5
